 Dungeon Crawl Stone Soup version 0.24.0-37-gcf1ca852f1 (webtiles) character file.

Game seed: 14856040767340266674, levelgen mode: deterministic

137 Johnny the Poker (level 4, 0/38 HPs)
             Began as a Demigod Gladiator on Dec 4, 2019.
             Slain by a gnoll
             ... wielding a +0 club
              (3 damage)
             ... on level 3 of the Dungeon.
             The game lasted 00:01:40 (1696 turns).

Johnny the Poker (Demigod Gladiator)                Turns: 1696, Time: 00:01:40

Health: 0/38       AC:  4    Str: 19    XL:     4   Next: 68%
Magic:  6/6        EV: 13    Int: 12    God:
Gold:   93         SH:  0    Dex: 17    Spells: 3/3 levels left

rFire    . . .     SeeInvis .   a - +0 trident
rCold    . . .     Gourm    .   (no shield)
rNeg     . . .     Faith    .   b - +0 leather armour
rPois    .         Spirit   .   c - +0 helmet
rElec    .         Reflect  .   (no cloak)
rCorr    .         Harm     .   (no gloves)
MR       .....                  (no boots)
Stlth    +.........             (no amulet)
HPRegen  0.12/turn              (no ring)
MPRegen  0.10/turn              (no ring)

@: lethally poisoned (0 -> -3)
A: high mp 1
a: no special abilities


You were on level 3 of the Dungeon.
You were not hungry.

You visited 1 branch of the dungeon, and saw 3 of its levels.

You collected 93 gold pieces.

Inventory:

Hand Weapons
 a - a +0 trident (weapon)
Missiles
 d - 3 throwing nets (quivered)
Armour
 b - a +0 leather armour (worn)
 c - a +0 helmet (worn)
Jewellery
 j - an uncursed amulet of regeneration {unknown}
Wands
 k - a wand of polymorph (8)
Scrolls
 e - 2 scrolls of enchant armour {unknown}
 h - 2 scrolls of identify {unknown}
Comestibles
 f - 5 rations
 g - a chunk of flesh


   Skills:
 + Level 3.0 Fighting
 * Level 4.5 Polearms
 - Level 1.7 Throwing
 - Level 2.6 Dodging


You had 3 spell levels left.
You didn't know any spells.
Your spell library was empty.

Dungeon Overview and Level Annotations

Branches:
Dungeon (3/15)

Annotations:
D:2 1 runed translucent door, Crazy Yiuf


Innate Abilities, Weirdness & Mutations

You have an increased reservoir of magic. (+10% MP)


Message History

You feel sick.
* * * LOW HITPOINT WARNING * * *
You feel sick.
Found 14 gold pieces.
* * * LOW HITPOINT WARNING * * *
You feel sick.
* * * LOW HITPOINT WARNING * * *
You feel sick.
* * * LOW HITPOINT WARNING * * *
You feel sick.
* * * LOW HITPOINT WARNING * * *
You feel sick.
* * * LOW HITPOINT WARNING * * *
You feel sick.
A worm comes into view.
Found a cloak.
* * * LOW HITPOINT WARNING * * *
You feel sick. The gnoll hits you with a +0 club.
You die...

#..w..# #............'..
#.....# #............##.
#.....# #............##g
+.....# #............##K
#.....###............##.
+......g..........$..)?>
#.....###K########.#.###
###...g........ ..#.#
#####@#....# #####.#
#.....#....# ...#g#
.....#..#.#### ###.#K###
.### #..#.# #...[.(..
#.##.# #.(<((#.. #.
.####+####)#_#. ..
g...g.......#.. .#
.........K.....
.......K..####.


You could see a gnoll and a kobold.

Vanquished Creatures
  Jessica (D:2)
  A gnoll (D:3)
  4 adders
  3 worms
  2 dart slugs
  7 orcs
  A giant cockroach (D:2)
  A goblin (D:3)
  5 hobgoblins
  4 jackals (D:2)
  6 kobolds
  3 bats
  4 frilled lizards
  10 rats
52 creatures vanquished.

Notes
Turn   | Place    | Note
-------+----------+-------------------------------------------
     0 | D:1      | Johnny the Demigod Gladiator began the quest for the Orb.
     0 | D:1      | Reached XP level 1. HP: 17/17 MP: 3/3
    97 | D:1      | Reached skill level 3 in Polearms
   174 | D:1      | Reached XP level 2. HP: 24/24 MP: 4/4
   425 | D:2      | Found a shadowy altar of Dithmenos.
   531 | D:2      | Reached XP level 3. HP: 16/30 MP: 5/5
   818 | D:2      | Found a runed translucent door.
   819 | D:2      | Noticed Crazy Yiuf
   908 | D:2      | Noticed Jessica
   916 | D:2      | Killed Jessica
   916 | D:2      | Reached skill level 4 in Polearms
   916 | D:2      | Reached XP level 4. HP: 37/37 MP: 6/6
  1390 | D:3      | Found a faded altar of an unknown god.
  1696 | D:3      | Slain by a gnoll

Levels and vault maps discovered:
D:1:      ncdulo_smallfort, layout_rooms
D:2:      layout_loops_cross, corner_web_ring, nicolae_dithmenos_shadow_blocks,
          uniq_jessica, uniq_crazy_yiuf_cottage
D:3:      minmay_evil_eye, layout_basic, chequers_ecumenical_altar_simple,
          tgw_sif, uniq_robin, uniq_sigmund

Skill      XL: |  1  2  3  4 |
---------------+-------------+-----
Fighting       | 2 3 |  3.0
Polearms       | 3 4 |  4.5
Throwing       | |  1.7
Dodging        | |  2.6

Action                   |  1- 3 |  4- 6 || total
-------------------------+-------+-------++-------
Melee: Trident           |   120 |    75 ||   195
  Use: Potion            |       |     2 ||     2
 Stab: Sleeping          |     3 |     3 ||     6
  Eat: Chunk             |       |     3 ||     3
Armor: Leather armour    |    33 |    13 ||    46
Dodge: Dodged            |   105 |    48 ||   153
